HS
MATER DEI HS MONARCH LIONS @ LAKE TRAVIS CAPTAINS
03/20/2060
 
TOP OF THE 1ST
Mater Dei HS Monarch Lions batting - Pitching for Lake Travis Captains : RHP Logan Schmidt
Pitching: RHP Logan Schmidt
Batting: LHB Nathaniel Jacobs 0-0: Ball
1-0: SOLO HOME RUN (Flyball, 9D, EV 96.9 MPH), Distance : 379 ft
Batting: RHB Ray Ayres 0-0: Called Strike
0-1: Ball
1-1: Swinging Strike
1-2: Ball
2-2: Ball
3-2: Base on Balls
Batting: LHB Rob Lilley 0-0: Ball
Ray Ayres is caught stealing 2nd base 2-6
1-0: Fly out, F5 (Popup, 25F, EV 84.4 MPH)
Batting: RHB Karter McClatchie 0-0: Called Strike
0-1: Ball
1-1: DOUBLE (Flyball, 8RXD, EV 96.2 MPH)
Batting: RHB Julian Baldwin 0-0: Called Strike
0-1: Ball
1-1: Fly out, F9 (Flyball, 9, EV 87.5 MPH)
Top of the 1st over - 1 run, 2 hits, 0 errors, 1 left on base; Mater Dei HS 1 - Lake Travis 0
BOTTOM OF THE 1ST
Lake Travis Captains batting - Pitching for Mater Dei HS Monarch Lions : RHP Bailey Kiger
Pitching: RHP Bailey Kiger
Batting: LHB Wesley Fernandez 0-0: Swinging Strike
0-1: Ball
1-1: Swinging Strike
1-2: Strikes out swinging
Batting: LHB James Edwards 0-0: Called Strike
0-1: Ball
1-1: Ball
2-1: Ball
3-1: Called Strike
3-2: Base on Balls
Batting: RHB Scott Bolton 0-0: Ball
1-0: Ball
2-0: SINGLE (Line Drive, 7S, EV 100.6 MPH)
James Edwards to second
Batting: LHB Vince Westmoreland 0-0: Foul Ball, location: 2F
0-1: Ball
1-1: Foul Ball, location: 2F
1-2: Ball
2-2: Foul Ball, location: 2F
2-2: Ball
3-2: Fly out, F8 (Flyball, 8RM, EV 89.4 MPH)
Batting: SHB Gregory Fambro 0-0: Ball
1-0: Called Strike
1-1: Swinging Strike
1-2: Foul Ball, location: 2F
1-2: Ball
2-2: Ball
3-2: Base on Balls
James Edwards to third
Scott Bolton to second
Batting: LHB Stephen Small 0-0: Ground out U3 (Groundball, 3, EV 95.0 MPH)
Bottom of the 1st over - 0 runs, 1 hit, 0 errors, 3 left on base; Mater Dei HS 1 - Lake Travis 0
TOP OF THE 2ND
Mater Dei HS Monarch Lions batting - Pitching for Lake Travis Captains : RHP Logan Schmidt
Batting: RHB Kyle Cussen 0-0: Ball
1-0: Ball
2-0: Ball
3-0: Base on Balls
Batting: RHB Devon Aiken 0-0: Ball
1-0: Ball
2-0: 2-RUN HOME RUN (Flyball, 7D, EV 100.6 MPH), Distance : 378 ft
Batting: RHB Damian Williams 0-0: SINGLE (Groundball, 56, EV 108.8 MPH)
Batting: LHB Ferric Ramalheiro 0-0: Called Strike
Damian Williams is caught stealing 2nd base 2-6
0-1: Foul Ball, location: 2F
0-2: Strikes out swinging
Batting: LHB Nathaniel Jacobs 0-0: Ball
1-0: Called Strike
1-1: Foul Ball, location: 2F
1-2: Ground out 4-3 (Groundball, 4M, EV 81.9 MPH)
Top of the 2nd over - 2 runs, 2 hits, 0 errors, 0 left on base; Mater Dei HS 3 - Lake Travis 0
BOTTOM OF THE 2ND
Lake Travis Captains batting - Pitching for Mater Dei HS Monarch Lions : RHP Bailey Kiger
Batting: RHB Delane Vargas 0-0: Called Strike
0-1: Ball
1-1: Ball
2-1: Ball
3-1: Base on Balls
Batting: LHB Brendan Detwiler 0-0: Ball
1-0: Ball
2-0: Called Strike
2-1: Ball
Wild Pitch!
Delane Vargas to second
3-1: Base on Balls
Batting: LHB Quinn Barraza 0-0: Ball
1-0: Swinging Strike
1-1: Ball
2-1: Fielders Choice at 2nd, 6-4 (Groundball, 6M, EV 107.5 MPH)
Delane Vargas to third
Batting: LHB Wesley Fernandez 0-0: Ball
1-0: Ball
2-0: Called Strike
2-1: Foul Ball, location: 2F
2-2: Strikes out swinging
Batting: LHB James Edwards 0-0: Ball
1-0: Ball
2-0: Fly out, F8 (Flyball, 8LS, EV 96.2 MPH)
Bottom of the 2nd over - 0 runs, 0 hits, 0 errors, 2 left on base; Mater Dei HS 3 - Lake Travis 0
TOP OF THE 3RD
Mater Dei HS Monarch Lions batting - Pitching for Lake Travis Captains : RHP Logan Schmidt
Batting: RHB Ray Ayres 0-0: Ground out 5-3 (Groundball, 56, EV 104.4 MPH)
Batting: LHB Rob Lilley 0-0: Ground out 3-1 (Groundball, 34, EV 78.1 MPH)
Batting: RHB Karter McClatchie 0-0: SOLO HOME RUN (Flyball, 8RXD, EV 115.0 MPH), Distance : 456 ft
Batting: RHB Julian Baldwin 0-0: Ball
1-0: Ball
2-0: Ball
3-0: Hit by Pitch
Batting: RHB Kyle Cussen 0-0: Ball
1-0: Ball
2-0: Foul Ball, location: 2F
2-1: Ball
3-1: Fly out, F7 (Line Drive, 7S, EV 89.4 MPH)
Top of the 3rd over - 1 run, 1 hit, 0 errors, 1 left on base; Mater Dei HS 4 - Lake Travis 0
BOTTOM OF THE 3RD
Lake Travis Captains batting - Pitching for Mater Dei HS Monarch Lions : RHP Bailey Kiger
Batting: RHB Scott Bolton 0-0: Ball
1-0: Called Strike
1-1: DOUBLE (Groundball, 5L, EV 98.1 MPH)
Batting: LHB Vince Westmoreland 0-0: Called Strike
0-1: Ball
1-1: Swinging Strike
1-2: Ground out 4-3 (Groundball, 34D, EV 111.2 MPH)
Scott Bolton to third
Batting: SHB Gregory Fambro 0-0: Called Strike
0-1: Ball
1-1: Swinging Strike
1-2: Ball
2-2: Ball
3-2: Foul Ball, location: 2F
3-2: Base on Balls
Batting: LHB Stephen Small 0-0: Ball
Wild Pitch!
Scott Bolton scores
Gregory Fambro to second
1-0: Reached on error, E4 (Groundball, 4, EV 81.2 MPH)
Gregory Fambro scores
Batting: RHB Delane Vargas 0-0: Called Strike
0-1: Ball
1-1: Swinging Strike
1-2: Strikes out swinging
Batting: LHB Brendan Detwiler 0-0: Foul Ball, location: 2F
0-1: Fly out, F8 (Flyball, 8LM, EV 97.5 MPH)
Bottom of the 3rd over - 2 runs, 1 hit, 1 error, 1 left on base; Mater Dei HS 4 - Lake Travis 2
TOP OF THE 4TH
Mater Dei HS Monarch Lions batting - Pitching for Lake Travis Captains : RHP Logan Schmidt
Batting: RHB Devon Aiken 0-0: Ball
1-0: Ball
2-0: Foul Ball, location: 2F
2-1: Foul Ball, location: 2F
2-2: Strikes out looking
Batting: RHB Damian Williams 0-0: Ground out 5-3 (Groundball, 56S, EV 64.4 MPH)
Batting: LHB Ferric Ramalheiro 0-0: Fly out, F6 (Popup, 6M, EV 60.6 MPH)
Top of the 4th over - 0 runs, 0 hits, 0 errors, 0 left on base; Mater Dei HS 4 - Lake Travis 2
BOTTOM OF THE 4TH
Lake Travis Captains batting - Pitching for Mater Dei HS Monarch Lions : RHP Bailey Kiger
Batting: LHB Quinn Barraza 0-0: Swinging Strike
0-1: Fly out, F8 (Flyball, 8LD, EV 104.4 MPH)
Batting: LHB Wesley Fernandez 0-0: Ground out 5-3 (Groundball, 5S, EV 68.8 MPH)
Batting: LHB James Edwards 0-0: Ground out 6-3 (Groundball, 56, EV 82.5 MPH)
Bottom of the 4th over - 0 runs, 0 hits, 0 errors, 0 left on base; Mater Dei HS 4 - Lake Travis 2
TOP OF THE 5TH
Mater Dei HS Monarch Lions batting - Pitching for Lake Travis Captains : RHP Logan Schmidt
Batting: LHB Nathaniel Jacobs 0-0: Called Strike
0-1: Called Strike
0-2: Foul Ball, location: 2F
0-2: Ball
1-2: SOLO HOME RUN (Flyball, 78XD, EV 107.5 MPH), Distance : 424 ft
Pitching: LHP Nathan Moore
Batting: RHB Ray Ayres 0-0: Swinging Strike
0-1: Called Strike
0-2: Ball
1-2: Foul Ball, location: 2F
1-2: Ball
2-2: Ball
3-2: Ground out 4-3 (Groundball, 4, EV 97.5 MPH)
Batting: LHB Rob Lilley 0-0: Ball
1-0: Ball
2-0: Foul Ball, location: 2F
2-1: Ball
3-1: Foul Ball, location: 2F
3-2: Strikes out looking
Batting: RHB Karter McClatchie 0-0: Fly out, F4 (Flyball, 34D, EV 93.8 MPH)
Top of the 5th over - 1 run, 1 hit, 0 errors, 0 left on base; Mater Dei HS 5 - Lake Travis 2
BOTTOM OF THE 5TH
Lake Travis Captains batting - Pitching for Mater Dei HS Monarch Lions : RHP Bailey Kiger
Pitching: RHP Jaden Rice
Batting: RHB Scott Bolton 0-0: Ball
1-0: Swinging Strike
1-1: Ball
2-1: Foul Ball, location: 2F
2-2: Strikes out swinging
Batting: LHB Vince Westmoreland 0-0: Foul Ball, location: 2F
0-1: SOLO HOME RUN (Flyball, 89XD, EV 100.0 MPH), Distance : 401 ft
Batting: SHB Gregory Fambro 0-0: SINGLE (Line Drive, 89S, EV 102.5 MPH)
Pitching: LHP Nick Houghton
Pinch Hitting: RHB Shawn Maio 0-0: Grounds into double play, 6-4-3 (Groundball, 6, EV 106.9 MPH)
Bottom of the 5th over - 1 run, 2 hits, 0 errors, 0 left on base; Mater Dei HS 5 - Lake Travis 3
TOP OF THE 6TH
Mater Dei HS Monarch Lions batting - Pitching for Lake Travis Captains : LHP Nathan Moore
Now in RF: Jalen Thome
Batting: RHB Julian Baldwin 0-0: Foul Ball, location: 2F
0-1: Ball
1-1: Ball
2-1: Ball
3-1: DOUBLE (Line Drive, 8RXD, EV 108.8 MPH)
Batting: RHB Kyle Cussen 0-0: Called Strike
0-1: Fly out, F8 (Flyball, 8LD, EV 106.2 MPH)
Batting: RHB Devon Aiken 0-0: Ball
1-0: Swinging Strike
1-1: Ball
2-1: SINGLE (Groundball, 6, EV 98.8 MPH)
Julian Baldwin to third
Runner from 3rd tries for Home, throw by CF and OUT! 8-2
Batting: RHB Damian Williams 0-0: Fly out, F8 (Flyball, 78D, EV 98.1 MPH)
Top of the 6th over - 0 runs, 2 hits, 0 errors, 1 left on base; Mater Dei HS 5 - Lake Travis 3
BOTTOM OF THE 6TH
Lake Travis Captains batting - Pitching for Mater Dei HS Monarch Lions : LHP Nick Houghton
Batting: RHB Delane Vargas 0-0: Ball
1-0: Ground out 5-3 (Groundball, 56S, EV 82.5 MPH)
Batting: LHB Brendan Detwiler 0-0: Ball
1-0: Called Strike
1-1: Ball
2-1: Foul Ball, location: 2F
2-2: Ball
3-2: Strikes out looking
Batting: LHB Quinn Barraza 0-0: Ground out 4-3 (Groundball, 4, EV 89.4 MPH)
Bottom of the 6th over - 0 runs, 0 hits, 0 errors, 0 left on base; Mater Dei HS 5 - Lake Travis 3
TOP OF THE 7TH
Mater Dei HS Monarch Lions batting - Pitching for Lake Travis Captains : LHP Nathan Moore
Pinch Hitting: RHB Xavier Manning 0-0: Fly out, F9 (Line Drive, 89M, EV 106.2 MPH)
Batting: LHB Nathaniel Jacobs 0-0: Foul Ball, location: 2F
0-1: Foul Ball, location: 2F
0-2: Ball
1-2: Ball
2-2: Foul Ball, location: 2F
2-2: Foul Ball, location: 2F
2-2: Ball
3-2: Foul Ball, location: 2F
3-2: Base on Balls
Batting: RHB Ray Ayres 0-0: Ball
Nathaniel Jacobs is caught stealing 2nd base 2-4
1-0: Ball
2-0: SINGLE (Groundball, 34, EV 97.5 MPH) (infield hit)
Pitching: RHP Vince Werkmeister
Batting: LHB Rob Lilley 0-0: Ball
1-0: Ball
Ray Ayres is caught stealing 2nd base 2-6
Top of the 7th over - 0 runs, 1 hit, 0 errors, 0 left on base; Mater Dei HS 5 - Lake Travis 3
BOTTOM OF THE 7TH
Lake Travis Captains batting - Pitching for Mater Dei HS Monarch Lions : LHP Nick Houghton
Now at 1B: Johnathan Jacobs
Batting: LHB Wesley Fernandez 0-0: Called Strike
0-1: Ball
1-1: Foul Ball, location: 2F
1-2: SOLO HOME RUN (Flyball, 9LD, EV 93.1 MPH), Distance : 348 ft
Pinch Hitting: RHB Dante Van Dillen 0-0: Swinging Strike
0-1: Foul Ball, location: 2F
0-2: Strikes out swinging
Batting: RHB Scott Bolton 0-0: Foul Ball, location: 2F
0-1: Foul Ball, location: 2F
0-2: Ball
1-2: Strikes out looking
Batting: LHB Vince Westmoreland 0-0: Foul Ball, location: 2F
0-1: Foul Ball, location: 2F
0-2: Fly out, F8 (Flyball, 8LD, EV 105.0 MPH)
Bottom of the 7th over - 1 run, 1 hit, 0 errors, 0 left on base; Mater Dei HS 5 - Lake Travis 4
TOP OF THE 8TH
Mater Dei HS Monarch Lions batting - Pitching for Lake Travis Captains : RHP Vince Werkmeister
Now at 1B: Dante Van Dillen
Batting: LHB Rob Lilley 0-0: Called Strike
0-1: Ball
1-1: Called Strike
1-2: Ball
2-2: Ground out U3 (Groundball, 34, EV 78.1 MPH)
Batting: RHB Karter McClatchie 0-0: Ball
1-0: Foul Ball, location: 2F
1-1: Swinging Strike
1-2: Fly out, F9 (Flyball, 9, EV 97.5 MPH)
Batting: RHB Julian Baldwin 0-0: Called Strike
0-1: DOUBLE (Line Drive, 9LM, EV 105.6 MPH)
Pinch Hitting: SHB Sebastian Kaye 0-0: Intentional Walk
Batting: RHB Rodger Deschamps 0-0: Ball
1-0: Swinging Strike
1-1: Called Strike
1-2: Ground out 4-3 (Groundball, 13, EV 86.2 MPH)
Top of the 8th over - 0 runs, 1 hit, 0 errors, 2 left on base; Mater Dei HS 5 - Lake Travis 4
BOTTOM OF THE 8TH
Lake Travis Captains batting - Pitching for Mater Dei HS Monarch Lions : LHP Nick Houghton
Now at 3B: Sebastian Duvall
Batting: SHB Gregory Fambro 0-0: Ball
1-0: Fly out, F7 (Flyball, 7LD, EV 88.1 MPH)
Pinch Hitting: LHB Brendan MacLean 0-0: Ball
1-0: Ball
2-0: Foul Ball, location: 2F
2-1: Called Strike
2-2: SINGLE (Line Drive, 6D, EV 97.5 MPH)
Pitching: RHP Brian Rose
Batting: RHB Delane Vargas 0-0: Called Strike
0-1: Ball
1-1: Bunted foul
1-2: Ground out 5-3 (Groundball, 56S, EV 77.5 MPH)
Brendan MacLean to second
Batting: LHB Brendan Detwiler 0-0: Ball
1-0: Foul Ball, location: 2F
1-1: Called Strike
1-2: Strikes out swinging
Bottom of the 8th over - 0 runs, 1 hit, 0 errors, 1 left on base; Mater Dei HS 5 - Lake Travis 4
TOP OF THE 9TH
Mater Dei HS Monarch Lions batting - Pitching for Lake Travis Captains : RHP Vince Werkmeister
Now in RF: Cris Geist
Batting: RHB Damian Williams 0-0: Ball
1-0: Foul Ball, location: 2F
1-1: Foul Ball, location: 2F
1-2: Foul Ball, location: 2F
1-2: Ball
2-2: Fly out, F8 (Line Drive, 8RM, EV 86.2 MPH)
Batting: SHB Johnathan Jacobs 0-0: Ball
1-0: Swinging Strike
1-1: SINGLE (Line Drive, 4MD, EV 99.4 MPH)
Batting: LHB Nathaniel Jacobs 0-0: Called Strike
0-1: Called Strike
0-2: Ball
1-2: Strikes out swinging
Batting: RHB Ray Ayres 0-0: Foul Ball, location: 2F
0-1: Foul Ball, location: 2F
0-2: Ball
1-2: Reached on error, E5 (Groundball, 5S, EV 76.2 MPH)
Johnathan Jacobs to second
Batting: LHB Rob Lilley 0-0: Foul Ball, location: 2F
0-1: Foul Ball, location: 2F
0-2: Ball
1-2: Ground out U3 (Groundball, 3, EV 87.5 MPH)
Top of the 9th over - 0 runs, 1 hit, 1 error, 2 left on base; Mater Dei HS 5 - Lake Travis 4
BOTTOM OF THE 9TH
Lake Travis Captains batting - Pitching for Mater Dei HS Monarch Lions : RHP Brian Rose
Pitching: RHP Issac Dickens
Pinch Hitting: RHB Vince Sipe 0-0: Called Strike
0-1: Called Strike
0-2: Strikes out swinging
Batting: LHB Wesley Fernandez 0-0: Fly out, F8 (Line Drive, 8LD, EV 94.4 MPH)
Pinch Hitting: RHB Gregory Stafford 0-0: Ball
1-0: Ball
2-0: Ball
3-0: Base on Balls
Batting: RHB Scott Bolton 0-0: Ball
1-0: Ball
2-0: Ball
3-0: Called Strike
3-1: Base on Balls
Gregory Stafford to second
Batting: LHB Vince Westmoreland 0-0: Ball
Wild Pitch!
Gregory Stafford to third
Scott Bolton to second
1-0: Ball
2-0: Ball
3-0: Called Strike
3-1: Fly out, F9 (Flyball, 9LSF, EV 86.2 MPH)
Bottom of the 9th over - 0 runs, 0 hits, 0 errors, 2 left on base; Mater Dei HS 5 - Lake Travis 4
Wednesday, April 17th , 2024 - OOTP Baseball 23.10 Build 110